 Dungeon Crawl Stone Soup version 0.31.0-4-g52a2dc7128 (webtiles) character file.

Game seed: 2859623262386002466

104 DemonSlayer the Digger (level 4, 0/30 HPs)
             Began as a Demonspawn Earth Elementalist on Jan 22, 2024.
             Slain by an adder (4 damage)
             ... on level 3 of the Dungeon.
             The game lasted 00:02:52 (2323 turns).

DemonSlayer the Digger (DsEE)                       Turns: 2323, Time: 00:02:53

Health: 0/30       AC:  4    Str:  9    XL:     4   Next: 52%
Magic:  6/9        EV: 12    Int: 15    God:
Gold:   61         SH:  0    Dex: 15    Spells: 1/9 levels left

rFire   . . .        d - +0 dagger
rCold   . . .        (no shield)
rNeg    . . .        a - +0 robe
rPois   .            i - +0 hat
rElec   .            (no cloak)
rCorr   .            (no gloves)
SInv    .            (no boots)
Will    .....        (no amulet)
Stlth   ++           (no ring)
HPRegen 0.25/turn    (no ring)
MPRegen 0.11/turn

%: no passive effects
@: no status effects
A: hooves 2, thin metallic scales 1
a: no special abilities


You were on level 3 of the Dungeon.
You visited 1 branch of the dungeon, and saw 3 of its levels.

You collected 61 gold pieces.

Inventory:

Hand Weapons
 d - a +0 dagger (weapon)
Armour
 a - a +0 robe (worn)
 i - a +0 hat (worn)
Jewellery
 g - a ring of see invisible
Scrolls
 c - a scroll of brand weapon {unknown}
 e - 2 scrolls of noise
 f - a scroll of silence
 h - a scroll of enchant armour {unknown}
 k - a scroll of blinking {unknown}
 m - a scroll of teleportation {unknown}
 n - a scroll of identify
 o - a scroll of enchant weapon {unknown}
 p - a scroll of fog {unknown}
Potions
 b - a potion of magic
 j - a potion of heal wounds
 q - a potion of enlightenment {unknown}


   Skills:
 + Level 0.2 Fighting
 + Level 2.1 Dodging
 + Level 2.0 Stealth
 + Level 0.2 Unarmed Combat
 + Level 3.4 Spellcasting
 + Level 1.0 Conjurations
 + Level 3.4 Earth Magic


You had one spell level left.
You knew the following spells:

 Your Spells              Type           Power      Damage    Failure   Level
a - Sandblast             Erth           26%        2d8       4%          1
b - Stone Arrow           Conj/Erth      18%        3d8       22%         3
c - Petrify               Alch/Erth      7%         N/A       67%         4

Your spell library contained the following spells:

 Spells                   Type           Power      Damage    Failure   Level
 Passwall                 Erth           13%        N/A       14%         3
 Brom's Barrelling Bould  Conj/Erth      9%         2d3       58%         4


Dungeon Overview and Level Annotations

Branches:
Dungeon (3/15)

Altars:

Shops:
D:1 !   D:3 [


Innate Abilities, Weirdness & Mutations

You have hoof-like feet.
You are partially covered in thin metallic scales. (AC +2)


Message History

A kobold comes into view. It is wielding a +0 short sword.
An orc priest comes into view. It is wielding a +0 dagger.
An orc comes into view. It is wielding a +0 short sword.
The blast of sand misses the adder.
The orc shouts!
The adder misses you.
You miss the adder.
The orc priest calls down the wrath of Beogh upon you.
Pain shoots through your body!
An orc comes into view. It is wielding a +0 falchion.
The adder bites you.
You are poisoned.
The adder poisons you!
The blast of sand hits the adder.
The adder is moderately wounded.
You feel sick. The adder closely misses you.
The kobold hits you with a +0 short sword.
The adder bites you.
The orc priest calls down the wrath of Beogh upon you.
Beogh smites you! The kobold closely misses you.
You are too injured to fight recklessly!
You feel better. The adder bites you.
The kobold hits you with a +0 short sword.
The orc priest mumbles some strange prayers to Beogh against you.
Pain shoots through your body!
* * * LOW HITPOINT WARNING * * *
A goblin comes into view. It is wielding a +0 dagger.
A kobold comes into view. It is wielding a +0 short sword.
The adder closely misses you. The kobold attacks as it pursues you!
The kobold barely misses you.
You see here a brown potion.
The adder closely misses you. The adder attacks as it pursues you!
The adder closely misses you.
Casting: Sandblast (safe; 4% risk of failure)
Confirm with . or Enter, or press ? or * to list all spells.
Aiming: Sandblast (safe; 4% risk of failure)
Press: ? - help, Shift-Dir - straight line, f/p - adder
Aim: an adder (moderately wounded, 70% to hit)
The blast of sand misses the adder.
The adder bites you.
You die...

#.. #### ..# .... ...
..... #.###.....
#......... #.........
#......... #.@.......
############S####K.##
............K........
.#. ####..∩...........#
.#. ##...........o....#
...###..................
...................oo...
...................)....
.....................g..


You could see an adder and 2 kobolds.

Vanquished Creatures
  5 adders
  2 ribbon worms
  An orc (D:3)
  4 ball pythons
  4 bats
  7 endoplasms
  2 goblins
  6 hobgoblins
  5 quokkas
  3 frilled lizards
  6 kobolds
  3 rats
48 creatures vanquished.

Notes
Turn   | Place    | Note
-------+----------+-------------------------------------------
     0 | D:1      | DemonSlayer the Demonspawn Earth Elementalist began the
                  | quest for the Orb.
     0 | D:1      | Reached XP level 1. HP: 13/13 MP: 3/3
   376 | D:1      | Gained mutation: You are partially covered in thin metallic
                  | scales. (AC +2) [demonic ancestry]
   376 | D:1      | Reached XP level 2. HP: 19/19 MP: 0/5
   681 | D:1      | Found Kateakew's Distillery.
  1283 | D:2      | Gained mutation: You have large cloven feet. [demonic
                  | ancestry]
  1283 | D:2      | Reached XP level 3. HP: 24/24 MP: 3/6
  1839 | D:2      | Gained mutation: You have hoof-like feet. [demonic
                  | ancestry]
  1839 | D:2      | Reached XP level 4. HP: 19/30 MP: 5/8
  1966 | D:2      | Learned a level 3 spell: Stone Arrow
  1971 | D:2      | Learned a level 4 spell: Petrify
  2299 | D:3      | Found Eczex's Antique Armour Boutique.
  2323 | D:3      | Slain by an adder

Illustrated notes

Levels and vault maps discovered:
D:1:      dpeg_arrival_renting, layout_loops_ring, serial_forest,
          infiniplex_forest_lined_3_way, infiniplex_forest_clump_curved,
          infiniplex_forest_zigzag_1, infiniplex_forest_clump_C,
          infiniplex_forest_lined_room_3, infiniplex_forest_clump_small,
          infiniplex_forest_3_way, infiniplex_forest_straight_3,
          infiniplex_forest_clump_C, serial_shops,
          nicolae_shop_competitors_out_of_business, chequers_hall_statues_y,
          moated_statue, minmay_pentomino_p2
D:2:      minmay_wonky_spiral, layout_rooms, serial_corexii_hall,
          corexii_hall_statues_deadend, corexii_hall_statues_x,
          chequers_hall_statues_wall_a, corexii_hall_statues_t, st_stairs_7,
          chequers_serial_rivers_small_b
D:3:      minmay_recursive_quarters, layout_basic, serial_shops, shop,
          gup_sewer_entry_bowl

Skill      XL: |  1  2  3  4 |
---------------+-------------+-----
Earth Magic    | 3 |  3.4
Stealth        | 2 |  2.0
Spellcasting   | 3 |  3.4
Dodging        | 2 |  2.1
Fighting       | |  0.2
Unarmed Combat | |  0.2
Conjurations   | |  1.0

Action                     |  1- 3 |  4- 6 || total
---------------------------+-------+-------++-------
  Melee: Unarmed           |    17 |       ||    17
         Dagger            |    18 |     4 ||    22
         Kick              |     2 |     1 ||     3
         Punch             |     1 |       ||     1
   Cast: Sandblast         |    46 |    24 ||    70
    Use: Scroll            |       |     4 ||     4
         Potion            |       |     1 ||     1
   Stab: Sleeping          |     3 |       ||     3
 Armour: Robe              |    28 |    13 ||    41
  Dodge: Dodged            |    38 |    23 ||    61
